 Dungeon Crawl Stone Soup version 0.30-a0-605-gb2882149bf (webtiles) character file.

Game seed: 15809487839773654867

76 acebull12 the Sneak (level 4, -4/29 HPs)
             Began as an Octopode Brigand on Jan 7, 2023.
             Slain by Sigmund
             ... wielding a +4 scythe
              (14 damage)
             ... on level 2 of the Dungeon.
             The game lasted 00:02:49 (1255 turns).

acebull12 the Sneak (Octopode Brigand)              Turns: 1255, Time: 00:02:50

Health: -4/29      AC:  1    Str: 10    XL:     4   Next: 32%
Magic:  4/4        EV: 12    Int: 13    God:
Gold:   79         SH:  0    Dex: 15    Spells: 3/3 levels left

rFire   . . .      SeeInvis .    a - +2 dagger
rCold   . . .      Faith    .    h - +0 buckler
rNeg    . . .      Spirit   .    (helmet restricted)
rPois   .          Reflect  .    (no amulet)
rElec   .          Harm     .    (no ring)
rCorr   .          Rampage  .    (no ring)
Will    .....                    (no ring)
Stlth   +++                      (no ring)
HPRegen 0.24/turn                (no ring)
MPRegen 0.09/turn                (no ring)
                                 (no ring)
                                 (no ring)

@: confused
A: almost no armour, amphibious, 8 rings, camouflage 1, gelatinous body 1,
(nimble swimmer 1), tentacles
a: no special abilities


You were on level 2 of the Dungeon.
You visited 1 branch of the dungeon, and saw 2 of its levels.

You collected 79 gold pieces.

Inventory:

Hand Weapons
 a - a +2 dagger (weapon)
 o - a +2 quarterstaff of chaos
Missiles
 b - 9 poisoned darts (quivered)
 c - 3 curare-tipped darts
Armour
 h - a +0 buckler (worn)
 l - the +5 robe of Night {Dark Will+ SInv}
   (You found it on level 2 of the Dungeon)

   It shrouds the wearer in darkness, reducing the range at which they can see
   and be seen by others.
   SInv:      It lets you see invisible.
   Will:      It increases your willpower.
Jewellery
 e - a ring of fire
Scrolls
 f - 2 scrolls of fog {unknown}
 g - 2 scrolls of enchant armour {unknown}
 j - a scroll of fear {unknown}
 m - 3 scrolls of identify {unknown}
Potions
 d - a potion of brilliance {unknown}
 i - a potion of cancellation {unknown}
 k - a potion of invisibility {unknown}
 n - a potion of magic {unknown}


   Skills:
 * Level 2.1 Fighting
 * Level 2.2 Short Blades
 + Level 2.0 Throwing
 + Level 1.0 Dodging
 * Level 7.5 Stealth
 * Level 0.2 Shields


You had 3 spell levels left.
You didn't know any spells.
Your spell library was empty.

Dungeon Overview and Level Annotations

Branches:
Dungeon (2/15)

Altars:

Shops:
D:2 [

Annotations:
D:2 Sigmund


Innate Abilities, Weirdness & Mutations

You cannot wear most types of armour.
You are amphibious.
You can wear up to eight rings at the same time.
Your skin changes colour to match your surroundings (Stealth+).
Your rubbery body absorbs attacks. (AC +1, EV +1)
((You are camouflaged when in or above water. (Stealth+)))
You have tentacles for arms and can constrict up to eight enemies at once.


Message History

You kill Crazy Yiuf!
You have reached level 4!
n - a silvery potion
Things that are here:
a +2 quarterstaff of chaos; a +0 cloak
o - a +2 quarterstaff of chaos You see here a +0 hammer.
There is an open translucent door here.
You see here a +0 hammer.
You see here 3 javelins.
You see here a ball python skeleton.
Things that are here:
a hobgoblin skeleton; an adder skeleton You now have 79 gold pieces (gained 11).
Sigmund the Dreaded comes into view.
He is wielding a +4 scythe.
Sigmund shouts!
Sigmund misses you.
You hit Sigmund. Your grab misses Sigmund.
Sigmund is lightly wounded.
You hit Sigmund. You grab Sigmund.
Sigmund is lightly wounded.
You constrict Sigmund, but do no damage.
Sigmund gestures at you while chanting.
You are confused.
You bump into the rock wall.
You constrict Sigmund.
Sigmund points at you and mumbles some strange words.
You are more confused.
You bump into the rock wall.
You constrict Sigmund.
Sigmund casts a spell.
Sigmund flickers and vanishes!
Deactivating autopickup; reactivate with Ctrl-A.
You bump into the rock wall.
You constrict something.
You hear some strange, mumbled words.
A puff of flame appears from out of thin air!
The puff of flame hits you!
You hit something but do no damage. Your squeeze misses something.
You constrict something. Something hits you!
You closely miss something. You squeeze something. You constrict something.
Something hits you!
You die...

...[..#.......####.#
##.>.#####.#######.# #
#.................# #
#...#######.#####.# #
### #.## ###..
#..####....
######.......#
##.#######...........##
......{@...#########..#
##..######## .# ######
<.>..#


There were no monsters in sight!

Vanquished Creatures
  Crazy Yiuf (D:2)
  A gnoll (D:1)
  An adder (D:2)
  A ball python (D:2)
  3 bats (D:1)
  6 endoplasms (D:1)
  2 giant cockroaches (D:1)
  3 goblins (D:1)
  A hobgoblin (D:2)
  2 jackals (D:1)
  2 frilled lizards
  2 kobolds
  3 rats
28 creatures vanquished.

Vanquished Creatures (others)
  3 fungi (D:2)
  3 plants (D:2)
6 creatures vanquished.

Grand Total: 34 creatures vanquished

Notes
Turn   | Place    | Note
-------+----------+-------------------------------------------
     0 | D:1      | acebull12 the Octopode Brigand began the quest for the Orb.
     0 | D:1      | Reached XP level 1. HP: 14/14 MP: 1/1
   144 | D:1      | Reached XP level 2. HP: 18/19 MP: 2/2
   157 | D:1      | Reached skill level 6 in Stealth
   310 | D:1      | Reached XP level 3. HP: 14/24 MP: 3/3
  1015 | D:2      | Reached skill level 7 in Stealth
  1032 | D:2      | Found Rejanu's Armour Emporium.
  1058 | D:2      | Found the +5 robe of Night {Dark Will+ SInv}
  1117 | D:2      | Found a runed translucent door.
  1118 | D:2      | Noticed Crazy Yiuf
  1125 | D:2      | Killed Crazy Yiuf
  1126 | D:2      | Reached XP level 4. HP: 29/29 MP: 4/4
  1243 | D:2      | Noticed Sigmund
  1255 | D:2      | Slain by Sigmund

Illustrated notes

Levels and vault maps discovered:
D:1:      lightli_arrival_chessboard, layout_loops_ring, roderic_lattice_a,
          minmay_door_square
D:2:      layout_rooms, serial_curves, eino_curves_01, eino_curves_01,
          eino_curves_02, eino_curves_04, dreamdust_ecumenical_altar_grove,
          serial_shops, nicolae_shop_stone, uniq_sigmund,
          uniq_crazy_yiuf_cottage, uniq_robin

Skill      XL: |  1  2  3 |
---------------+----------+-----
Stealth        | 6 7 |  7.5
Fighting       | |  2.1
Short Blades   | |  2.2
Throwing       | |  2.0
Dodging        | |  1.0
Shields        | |  0.2

Action                   |  1- 3 |  4- 6 || total
-------------------------+-------+-------++-------
Melee: Dagger            |    37 |     4 ||    41
       Tentacles         |     8 |     1 ||     9
       Constrict         |     6 |     1 ||     7
 Stab: Sleeping          |    17 |       ||    17
Armor: Skin              |     1 |       ||     1
Dodge: Dodged            |     8 |     1 ||     9

Table legend: (Time is in decaauts)
 A = Elapsed time spent in this place.
 B = Non-inter-level travel time spent in this place.
 C = Inter-level travel time spent in this place.
 D = Time resting spent in this place.
 E = Time spent auto-exploring this place.
 F = Levels seen in this place.
 G = Mean time per level.
                   A        B        C        D        E       F      G
               +--------+--------+--------+--------+--------+-----+--------+
         Total |   1252 |   1147 |    105 |     36 |    883 |   2 |  626.0 |
       Dungeon |   1252 |   1147 |    105 |     36 |    883 |   2 |  626.0 |
               +--------+--------+--------+--------+--------+-----+--------+

Top non-repeatable levels by time:
     D:1: 938 daAuts
     D:2: 313 daAuts
